 Dungeon Crawl Stone Soup version 0.31-a0-446-g07c4bd200f (webtiles) character file.

Game seed: 9844605346533527588

45 Ethylacetat the Insei (level 3, -2/20 HPs)
             Began as a Vine Stalker Monk on Aug 3, 2023.
             Slain by a gnoll
             ... wielding a +0 flail
              (8 damage)
             ... on level 2 of the Dungeon.
             The game lasted 00:01:32 (944 turns).

Ethylacetat the Insei (Vine Stalker Monk)            Turns: 944, Time: 00:01:33

Health: -2/20      AC:  2    Str: 13    XL:     3   Next: 64%
Magic:  0/6        EV: 13    Int: 10    God:
Gold:   99         SH:  0    Dex: 18    Spells: 4/4 levels left

rFire   . .          .
                       - Unarmed
rCold   . . .        c - orb {light}
rNeg    . . .        a - +0 robe
rPois   .            (helmet currently unavailable)
rElec   .            (cloak currently unavailable)
rCorr   .            (gloves currently unavailable)
SInv    .            (boots currently unavailable)
Will    .....        (no amulet)
Stlth   +            (no ring)
HPRegen 0.23/turn    (no ring)
MPRegen 0.10/turn

%: guardian spirit
@: beast-form, glowing
A: beast (slay +0), fangs 2, magic shield, antimagic bite, no potion heal 2
a: Begin Untransformation


You were on level 2 of the Dungeon.
You were a hulking beast.
You visited 1 branch of the dungeon, and saw 2 of its levels.

You collected 99 gold pieces.

Inventory:

Armour
 a - a +0 robe (worn)
 c - an orb of light (worn)
Talismans
 f - a beast talisman (active)
Scrolls
 d - 5 scrolls of identify {unknown}
 h - a scroll of revelation {unknown}
Potions
 b - a potion of ambrosia
 e - a potion of haste {unknown}
 g - a potion of resistance {unknown}


   Skills:
 + Level 3.2 Fighting
 - Level 2.5 Dodging
 + Level 3.5 Unarmed Combat
 + Level 1.4 Spellcasting


You had 4 spell levels left.
You didn't know any spells.
Your spell library was empty.

Dungeon Overview and Level Annotations

Branches:
Dungeon (2/15)

Altars:


Innate Abilities, Weirdness & Mutations

You are a hulking beast.
Your limbs bulge with bestial killing power. (Slay +0)
You have extremely sharp teeth.
When hurt, damage is shared between your health and your magic reserves.
Your bite disrupts and absorbs the magic of your enemies.
Potions cannot restore your health.


Message History

You kill the endoplasm!
A goblin is nearby!
You hit the goblin.
You kill the goblin!
No target in view!
Found a stone staircase leading down.
No target in view!
Found 6 datura-tipped darts.
No target in view!
You now have 68 gold pieces (gained 13).
You now have 78 gold pieces (gained 10).
Key pressed, stopping explore.
No target in view!
No target in view!
You now have 87 gold pieces (gained 9).
You now have 99 gold pieces (gained 12).
Found a flail.
No target in view!
A gnoll comes into view. It is wielding a +0 flail.
Found an escape hatch in the floor. 3 gnolls come into view.
The gnoll shouts! x3; You hear a shout! x2
The gnoll hits you with a +0 flail!
There are monsters nearby!
You barely miss the gnoll. The gnoll hits you with a +0 flail!
* * * LOW HITPOINT WARNING * * *
There are monsters nearby!
You are too injured to fight recklessly!
You are too injured to fight recklessly!
Okay, then.
You barely miss the gnoll. You hit the gnoll.
The gnoll is moderately wounded.
A gnoll comes into view. It is wielding a +0 flail.
The gnoll barely misses you.
You hit the gnoll. You bite the gnoll. You drain its power.
You feel invigorated.
The gnoll is severely wounded.
The gnoll hits you with a +0 flail!
You die...

### ##. #.. ....
#)# #..# #.# ...g
#.##..#.#
#..g....##
#.hgg..>..
#.##..#.## #.# g..#
#.# .... #.#####.##
#### ######.......#
...# #........#####
.#.#######.######.#
.#.........# #.#
#...#


You could see 5 gnolls.

Vanquished Creatures
  A gnoll (D:1)
  An adder (D:2)
  A dart slug (D:1)
  3 ball pythons (D:1)
  2 endoplasms
  4 goblins
  2 hobgoblins (D:1)
  3 bats (D:1)
  5 frilled lizards (D:1)
  5 rats (D:1)
27 creatures vanquished.

Notes
Turn   | Place    | Note
-------+----------+-------------------------------------------
     0 | D:1      | Ethylacetat the Vine Stalker Monk began the quest for the
                  | Orb.
     0 | D:1      | Reached XP level 1. HP: 11/11 MP: 2/2
    66 | D:1      | Reached XP level 2. HP: 16/16 MP: 3/3
   247 | D:1      | Reached skill level 1 in Spellcasting
   247 | D:1      | Reached XP level 3. HP: 15/20 MP: 5/5
   944 | D:2      | Slain by a gnoll

Illustrated notes

Levels and vault maps discovered:
D:1:      lightli_arrival_statuegarden, layout_basic
D:2:      layout_loops_cross, grunt_ministairs_5

Skill      XL: |  1  2 |
---------------+-------+-----
Fighting       | 3 |  3.2
Spellcasting   | 1 |  1.4
Dodging        | |  2.5
Unarmed Combat | |  3.5

Action                     || total
---------------------------++-------
  Melee: Unarmed           ||    63
         Bite              ||    16
 Armour: Robe              ||    10
  Dodge: Dodged            ||    37
   Form: Beast             ||     1

Table legend: (Time is in decaauts)
 A = Elapsed time spent in this place.
 B = Non-inter-level travel time spent in this place.
 C = Inter-level travel time spent in this place.
 D = Time resting spent in this place.
 E = Time spent auto-exploring this place.
 F = Levels seen in this place.
 G = Mean time per level.
                   A        B        C        D        E       F      G
               +--------+--------+--------+--------+--------+-----+--------+
         Total |    939 |    934 |      5 |      0 |    788 |   2 |  469.5 |
       Dungeon |    939 |    934 |      5 |      0 |    788 |   2 |  469.5 |
               +--------+--------+--------+--------+--------+-----+--------+

Top non-repeatable levels by time:
     D:1: 720 daAuts
     D:2: 218 daAuts
